 Dungeon Crawl Stone Soup version 0.29.1-1-gd02db6906a (webtiles) character file.

Game seed: 6529052726080750406

145 hawla the Conjurer (level 5, -4/58 HPs)
             Began as a Draconian Conjurer on Oct 6, 2022.
             Slain by an orc wizard
             ... wielding a +1 dagger of electrocution
              (12 damage)
             ... on level 4 of the Dungeon.
             The game lasted 00:07:52 (3598 turns).

hawla the Conjurer (Draconian Conjurer)             Turns: 3598, Time: 00:07:52

Health: -4/58      AC: 22    Str:  9    XL:     5   Next: 6%
Magic:  4/9        EV:  2    Int: 21    God:
Gold:   112        SH:  0    Dex:  9    Spells: 7/10 levels left

rFire   . . .      SeeInvis .   (no weapon)
rCold   . . .      Faith    .   (no shield)
rNeg    . . .      Spirit   .   (body armour unavailable)
rPois   +          Reflect  .   (helmet currently unavailable)
rElec   .          Harm     .   (cloak currently unavailable)
rCorr   .          Rampage  .   (gloves currently unavailable)
Will    .....      Clarity  +   (boots currently unavailable)
Stlth   ++........ NoTele   +   (no amulet)
HPRegen 0.19/turn               (no ring)
MPRegen 0.11/turn               (no ring)

@: tree-form
A: stationary, stasis, torment immunity, boosted hp, AC +5, unfitting armour,
(cold-blooded), (large bone plates 1), clarity
a: no special abilities


You were on level 4 of the Dungeon.
You were a tree.
You visited 1 branch of the dungeon, and saw 4 of its levels.

You collected 112 gold pieces.

Inventory:

Armour
 i - a +0 cloak (melded)
Jewellery
 b - a ring of magical power
Scrolls
 d - a scroll of identify {unknown}
 f - a scroll of magic mapping
Potions
 a - a potion of magic
 c - a potion of lignification
 h - a potion of degeneration {unknown}
 j - a potion of heal wounds {unknown}


   Skills:
 + Level 0.8 Fighting
 + Level 2.4 Dodging
 + Level 2.3 Stealth
 + Level 3.0 Spellcasting
 + Level 5.1 Conjurations


You had 7 spell levels left.
You knew the following spells:

 Your Spells              Type           Power      Damage    Failure   Level
a - Magic Dart            Conj           96%        1d7       1%          1
b - Searing Ray           Conj           48%        2d6       2%          2

Your spell library contained the following spells:

 Spells                   Type           Power      Damage    Failure   Level
 Dazzling Flash           Conj/Hex       28%        N/A       14%         3
 Fulminant Prism          Conj/Hex       7%         3d7       41%         4
 Iskenderun's Mystic Bla  Conj/Tloc      14%        2d5       41%         4
 Starburst                Conj/Fire      7%         6d4       100%        6


Dungeon Overview and Level Annotations

Branches:
Dungeon (4/15)
 Temple: D:4-7

Altars:
Gozag
Okawaru

Annotations:
D:4 Sigmund


Innate Abilities, Weirdness & Mutations

You are a tree.
Your roots penetrate the ground, keeping you stationary.
You cannot be teleported.
You are immune to unholy pain and torment.
Your maximum health is greatly increased.
Your equipment is partially melded.
((Your plain brown scales are hard. (AC +5)))
You cannot fit into any form of body armour.
((You are cold-blooded and may be slowed by cold attacks.))
((You are partially covered in large bone plates. (SH +4)))
You possess an exceptional clarity of mind.


Message History

You are confused.
The orc hits you but does no damage.
Your Spellcasting skill increases to level 3!
You swing at nothing.
The giant cockroach bites you but does no damage.
You hear some strange, mumbled words.
A magic dart appears from out of thin air!
The magic dart hits you but does no damage.
The orc hits you but does no damage.
You miss something.
The giant cockroach bites you but does no damage.
Something hits you but does no damage. The orc hits you but does no damage.
You miss something. Your punch misses something.
The giant cockroach bites you but does no damage.
Something hits you but does no damage. The orc hits you but does no damage.
You swing at nothing.
The giant cockroach bites you but does no damage.
Something hits you. The orc hits you but does no damage.
The giant cockroach bites you but does no damage.
You swing at nothing.
The giant cockroach bites you but does no damage.
Something hits you but does no damage.
You are electrocuted!!
The orc hits you but does no damage.
You closely miss something.
You feel less confused.
The giant cockroach bites you but does no damage.
Something hits you but does no damage.
You are electrocuted!
* * * LOW HITPOINT WARNING * * *
The orc hits you but does no damage.
You barely miss something.
The giant cockroach bites you but does no damage.
You hear some strange, mumbled words.
Something tries to affect you, but you resist.
The orc hits you but does no damage.
It was a potion of mutation.
You feel extremely strange.
Your thoughts seem clearer.
Large bone plates grow over parts of your arms.
The giant cockroach bites you but does no damage.
Something hits you but does no damage.
You are electrocuted!
You die...

#..........##.# #...#
#.......#.....#.)....
#.......#.##.........
#.............#...>..
#.##.##.#.##### #....
##.##.##.#.......##.#.
#####........#######.....
.....@.......##.......#
###.####..#..##)♣)....#
.......#..#..##o{B.....#
.......#..#..##........#
.......#.....##........#
..._...^....###........#
..?.!..#..### #........#
.......#..# ##.##.##.#
.......#..### #.. .. .#
#.#..# #####.##


You could see an orc and a giant cockroach.

Vanquished Creatures
  A black bear (D:3)
  A gnoll (D:1)
  A worm (D:2)
  2 orcs (D:4)
  4 ball pythons
  6 bats
  2 endoplasms
  A giant cockroach (D:1)
  3 goblins
  2 hobgoblins
  9 jackals
  3 kobolds
  A quokka (D:2)
  A frilled lizard (D:1)
  4 rats
41 creatures vanquished.

Notes
Turn   | Place    | Note
-------+----------+-------------------------------------------
     0 | D:1      | hawla the Draconian Conjurer began the quest for the Orb.
     0 | D:1      | Reached XP level 1. HP: 14/14 MP: 3/3
   318 | D:1      | Reached XP level 2. HP: 19/20 MP: 0/5
   321 | D:1      | Learned a level 2 spell: Searing Ray
  1731 | D:2      | You fall into a shaft and drop 2 floors!
  1747 | D:4      | Reached XP level 3. HP: 26/26 MP: 4/6
  1871 | D:4      | Found an iron altar of Okawaru.
  2582 | D:2      | Found a faded altar of an unknown god.
  3173 | D:4      | Noticed a black bear
  3181 | D:3      | Killed a black bear
  3182 | D:3      | Reached skill level 5 in Conjurations
  3182 | D:3      | Reached XP level 4. HP: 8/34 MP: 4/8
  3182 | D:3      | Reached XP level 5. HP: 9/39 MP: 4/9
  3527 | D:4      | Found an opulent altar of Gozag.
  3546 | D:4      | Noticed Sigmund
  3598 | D:4      | Gained mutation: You possess an exceptional clarity of
                  | mind. [potion of mutation]
  3598 | D:4      | Gained mutation: You are partially covered in large bone
                  | plates. (SH +4) [potion of mutation]
  3598 | D:4      | Slain by an orc wizard

Illustrated notes

Levels and vault maps discovered:
D:1:      nicolae_arrival_washed_ashore, layout_basic
D:2:      layout_basic, hellmonk_ecumenical_altar_heavens_door,
          kennysheep_decorative_pillar, chequers_avenue
D:3:      layout_basic
D:4:      layout_loops_cross, lemuel_tele_altar, lemuel_crystal_altar,
          ebering_ghost_disaster_area, uniq_sigmund

Skill      XL: |  1  2  3  4  5 |
---------------+----------------+-----
Dodging        | 2 |  2.4
Stealth        | 2 |  2.3
Conjurations   | 5 |  5.1
Spellcasting   | 3 |  3.0
Fighting       | |  0.8

Action                   |  1- 3 |  4- 6 || total
-------------------------+-------+-------++-------
Melee: Unarmed           |    34 |    14 ||    48
       Tailslap          |     3 |       ||     3
 Cast: Magic Dart        |    43 |       ||    43
       Searing Ray       |    21 |     6 ||    27
  Use: Scroll            |     5 |       ||     5
       Potion            |     1 |     2 ||     3
Armor: Skin              |    33 |    58 ||    91
Dodge: Dodged            |    63 |     9 ||    72
